General information
- name: BNet
- type: Ladder team game (AT/RT)
- host: Battle.net
- saver: skrt
map: Battleground_LV
- players: 8
- length: 17:37
- speed: Fast
- version: 1.10030 W3XP
- replay type: Public
» download(241 KB)
Players
team 1 (loser)
daggark (
purple | 88 APM | 1526 actions | 17:25)
3 Far Seer
1 Feral Spirit
2 Chain Lighting
3 Shadow Hunter
1 Healing Wave
2 Hex
» actions
| Assign group hotkey | 21 | |
| Basic commands | 1 | |
| Build / train | 48 | |
| Enter build submenu | 13 | |
| Enter hero's abilities submenu | 6 | |
| Give item / drop item | 1 | |
| Remove unit from queue | 3 | |
| Right click | 721 | |
| Select / deselect | 298 | |
| Select group hotkey | 346 | |
| Use ability | 68 | |
1526 total
» units
| Peon | 8 | |
| Grunt | 8 | |
| Tauren | 5 | |
| Troll Batrider | 2 | |
23 total
» upgrades
| Spirit Walker Training | 1 | |
| Pulverize | 1 | |
| Armor | 1 | |
| Reinforced Defenses | 1 | |
4 total
» buildings
| Altar of Storms | 1 | |
| Orc Burrow | 5 | |
| Barracks | 1 | |
| Voodoo Lounge | 1 | |
| Stronghold | 1 | |
| Fortress | 2 | |
| Tauren Totem | 2 | |
| War Mill | 1 | |
| Beastiary | 1 | |
15 total
» build order
00:09 Altar of Storms
00:13 Orc Burrow
00:36 Barracks
01:34 Orc Burrow
02:03 Voodoo Lounge
03:02 Orc Burrow
03:23 Stronghold
06:14 Fortress
06:14 Fortress
07:05 Tauren Totem
07:08 Tauren Totem
09:03 Orc Burrow
09:04 Orc Burrow
09:47 War Mill
14:21 Beastiary
» items
| Healing Salve | 2 | |
| Lesser Clarity Potion | 3 | |
| Scroll of Town Portal | 1 | |
| Scroll of Healing | 1 | |
7 total
HeDriskS (
green | 91 APM | 1575 actions | 17:20)
4 Mountain King
2 Storm Bolt
2 Bash
» actions
| Assign group hotkey | 32 | |
| Basic commands | 23 | |
| Build / train | 61 | |
| Enter build submenu | 16 | |
| Enter hero's abilities submenu | 4 | |
| Give item / drop item | 1 | |
| Right click | 1145 | |
| Select / deselect | 178 | |
| Select group hotkey | 51 | |
| Use ability | 64 | |
1575 total
» units
» upgrades
| Defend | 1 | |
| Swords | 1 | |
| Plating | 1 | |
| Animal War Training | 1 | |
4 total
» buildings
| Altar of Kings | 1 | |
| Farm | 6 | |
| Barracks | 2 | |
| Scout Tower | 3 | |
| Arcane Tower | 1 | |
| Lumber Mill | 1 | |
| Arcane Vault | 1 | |
| Keep | 1 | |
| Guard Tower | 2 | |
| Blacksmith | 1 | |
| Castle | 1 | |
| Workshop | 1 | |
21 total
» build order
00:08 Altar of Kings
00:23 Farm
00:25 Barracks
00:53 Farm
01:32 Farm
01:39 Scout Tower
02:17 Arcane Tower
02:25 Farm
03:02 Farm
03:12 Lumber Mill
03:25 Arcane Vault
03:43 Farm
04:19 Scout Tower
05:10 Keep
06:29 Guard Tower
06:54 Scout Tower
06:58 Blacksmith
07:21 Guard Tower
08:15 Castle
09:33 Barracks
14:55 Workshop
» items
| Lesser Clarity Potion | 4 | |
| Scroll of Regeneration | 5 | |
| Scroll of Town Portal | 3 | |
| Potion of Healing | 4 | |
| Potion of Mana | 1 | |
| Periapt of Vitality | 1 | |
18 total

»
G13M (
teal | 57 APM | 996 actions | 17:25)
1 Keeper of the Grove
1 Entangling Roots
5 Dark Ranger
2 Black Arrow
3 Silence
» actions
| Build / train | 50 | |
| Enter build submenu | 19 | |
| Enter hero's abilities submenu | 6 | |
| Remove unit from queue | 2 | |
| Right click | 641 | |
| Select / deselect | 241 | |
| Use ability | 37 | |
996 total
» units
| Wisp | 14 | |
| Archer | 18 | |
| Druid of the Talon | 1 | |
| Hippogryph | 2 | |
35 total
» upgrades
| Strength of the Moon | 1 | |
| Moon Armor | 1 | |
2 total
» buildings
| Altar of Elders | 1 | |
| Moon Well | 6 | |
| Ancient of War | 2 | |
| Hunter's Hall | 1 | |
| Ancient Protector | 3 | |
| Tree of Ages | 1 | |
| Tree of Life | 2 | |
| Ancient of Wind | 2 | |
| Ancient of Wonders | 1 | |
19 total
» build order
00:10 Altar of Elders
00:14 Moon Well
00:18 Ancient of War
02:09 Moon Well
02:57 Ancient of War
03:22 Moon Well
05:23 Moon Well
05:27 Hunter's Hall
06:30 Moon Well
07:08 Ancient Protector
07:12 Ancient Protector
07:47 Ancient Protector
09:28 Tree of Ages
10:10 Tree of Life
12:31 Ancient of Wind
12:34 Ancient of Wind
12:59 Moon Well
14:25 Tree of Life
17:06 Ancient of Wonders
» items
Gravehaven (
orange | 61 APM | 1071 actions | 17:36)
4 Far Seer
2 Feral Spirit
2 Chain Lighting
1 Naga Sea Witch
1 Forked Lightning
» actions
| Assign group hotkey | 24 | |
| Basic commands | 1 | |
| Build / train | 51 | |
| Enter build submenu | 15 | |
| Enter hero's abilities submenu | 6 | |
| Remove unit from queue | 3 | |
| Right click | 694 | |
| Select / deselect | 193 | |
| Select group hotkey | 46 | |
| Use ability | 38 | |
1071 total
» units
| Peon | 7 | |
| Troll Headhunter/Berserker | 20 | |
| Demolisher | 1 | |
| Wind Rider | 5 | |
33 total
» upgrades
| Ranged Weapons | 2 | |
| Armor | 2 | |
| Troll Regeneration | 1 | |
5 total
» buildings
| Altar of Storms | 1 | |
| Orc Burrow | 5 | |
| War Mill | 1 | |
| Barracks | 2 | |
| Stronghold | 1 | |
| Beastiary | 1 | |
| Great Hall | 1 | |
| Fortress | 1 | |
| Voodoo Lounge | 1 | |
14 total
» build order
00:10 Altar of Storms
00:23 Orc Burrow
00:45 War Mill
01:23 Barracks
01:38 Orc Burrow
01:55 Barracks
04:08 Orc Burrow
05:00 Stronghold
07:41 Beastiary
09:34 Orc Burrow
09:36 Orc Burrow
12:40 Great Hall
15:39 Fortress
16:12 Voodoo Lounge
» items
team 2 (winner)
MUNCHTHATDONG (
pink | 87 APM | 1538 actions | 17:36)
5 Death Knight
3 Death Coil
2 Unholy Aura
3 Lich
2 Frost Nova
1 Frost Armor
» actions
| Assign group hotkey | 26 | |
| Basic commands | 70 | |
| Build / train | 51 | |
| Enter build submenu | 11 | |
| Enter hero's abilities submenu | 8 | |
| Give item / drop item | 1 | |
| Remove unit from queue | 1 | |
| Right click | 801 | |
| Select / deselect | 226 | |
| Select group hotkey | 284 | |
| Use ability | 59 | |
1538 total
» units
| Acolyte | 9 | |
| Ghoul | 6 | |
| Crypt Fiend | 7 | |
| Meatwagon | 3 | |
| Obsidian Statue | 2 | |
27 total
» upgrades
» buildings
| Graveyard | 1 | |
| Crypt | 1 | |
| Ziggurat | 6 | |
| Altar of Darkness | 1 | |
| Tomb of Relics | 1 | |
| Halls of the Dead | 1 | |
| Slaughterhouse | 1 | |
| Black Citadel | 1 | |
| Nerubian Tower | 1 | |
14 total
» build order
00:30 Graveyard
00:32 Crypt
00:36 Ziggurat
00:59 Altar of Darkness
01:15 Ziggurat
01:51 Tomb of Relics
04:17 Ziggurat
04:47 Halls of the Dead
08:27 Slaughterhouse
09:35 Ziggurat
12:14 Ziggurat
13:34 Black Citadel
14:40 Nerubian Tower
16:10 Ziggurat
» items
| Rod of Necromancy | 4 | |
| Scroll of Town Portal | 2 | |
| Boots of Speed | 1 | |
| Potion of Lesser Invulnerability | 1 | |
8 total

»
skrt (
red | 179 APM | 3158 actions | 17:37)
5 Death Knight
3 Death Coil
2 Unholy Aura
3 Lich
2 Frost Nova
1 Frost Armor
2 Crypt Lord
1 Impale
1 Spiked Carapace
» actions
| Assign group hotkey | 35 | |
| Basic commands | 220 | |
| Build / train | 56 | |
| Enter build submenu | 19 | |
| Enter hero's abilities submenu | 11 | |
| Give item / drop item | 1 | |
| Right click | 1464 | |
| Select / deselect | 473 | |
| Select group hotkey | 805 | |
| Use ability | 74 | |
3158 total
» units
| Acolyte | 12 | |
| Ghoul | 2 | |
| Crypt Fiend | 9 | |
| Frost Wyrm | 4 | |
27 total
» upgrades
| Creature Attack | 2 | |
| Web | 1 | |
| Creature Carapace | 1 | |
4 total
» buildings
| Crypt | 1 | |
| Graveyard | 2 | |
| Altar of Darkness | 1 | |
| Ziggurat | 6 | |
| Tomb of Relics | 1 | |
| Necropolis | 1 | |
| Halls of the Dead | 1 | |
| Black Citadel | 1 | |
| Spirit Tower | 2 | |
| Sacrificial Pit | 1 | |
| Boneyard | 2 | |
19 total
» build order
00:08 Crypt
00:13 Graveyard
00:41 Altar of Darkness
00:56 Ziggurat
01:25 Tomb of Relics
02:01 Ziggurat
04:35 Necropolis
05:08 Halls of the Dead
05:12 Ziggurat
07:05 Ziggurat
07:14 Ziggurat
10:07 Black Citadel
10:40 Spirit Tower
10:42 Ziggurat
10:55 Graveyard
11:23 Sacrificial Pit
11:44 Spirit Tower
12:32 Boneyard
13:13 Boneyard
» items
| Rod of Necromancy | 3 | |
| Scroll of Town Portal | 3 | |
| Orb of Corruption | 1 | |
| Potion of Mana | 1 | |
8 total
FuRy (
yellow | 115 APM | 2021 actions | 17:36)
4 Archmage
2 Summon Water Elemental
2 Brilliance Aura
1 Mountain King
1 Storm Bolt
» actions
| Assign group hotkey | 48 | |
| Basic commands | 88 | |
| Build / train | 70 | |
| ESC pressed | 2 | |
| Enter build submenu | 33 | |
| Enter hero's abilities submenu | 5 | |
| Give item / drop item | 1 | |
| Right click | 736 | |
| Select / deselect | 284 | |
| Select group hotkey | 670 | |
| Use ability | 84 | |
2021 total
» units
| Peasant | 19 | |
| Footman | 11 | |
| Gryphon Rider | 8 | |
38 total
» upgrades
| Lumber Harvesting | 1 | |
| Swords | 3 | |
| Defend | 1 | |
| Storm Hammers | 2 | |
| Plating | 2 | |
9 total
» buildings
| Altar of Kings | 1 | |
| Farm | 12 | |
| Barracks | 1 | |
| Town Hall | 1 | |
| Lumber Mill | 1 | |
| Scout Tower | 4 | |
| Keep | 1 | |
| Guard Tower | 4 | |
| Blacksmith | 1 | |
| Arcane Vault | 1 | |
| Castle | 1 | |
| Gryphon Aviary | 5 | |
33 total
» build order
00:05 Altar of Kings
00:19 Farm
00:21 Barracks
00:48 Farm
02:18 Farm
03:16 Town Hall
03:53 Lumber Mill
04:17 Scout Tower
04:34 Keep
04:39 Scout Tower
04:58 Guard Tower
05:02 Scout Tower
05:13 Blacksmith
05:29 Guard Tower
05:30 Guard Tower
06:48 Scout Tower
07:07 Arcane Vault
07:25 Guard Tower
07:26 Castle
07:31 Gryphon Aviary
07:31 Gryphon Aviary
07:55 Gryphon Aviary
09:40 Gryphon Aviary
09:42 Gryphon Aviary
10:05 Farm
10:08 Farm
10:08 Farm
10:10 Farm
12:02 Farm
12:04 Farm
12:04 Farm
17:24 Farm
17:24 Farm
» items
| Lesser Clarity Potion | 2 | |
| Scroll of Town Portal | 2 | |
| Ivory Tower | 2 | |
| Scroll of Regeneration | 1 | |
7 total
TheUpClouds (
blue | 70 APM | 1237 actions | 17:36)
3 Dreadlord
2 Sleep
1 Vampiric Aura
2 Death Knight
1 Death Coil
1 Unholy Aura
» actions
| Assign group hotkey | 22 | |
| Build / train | 71 | |
| Enter build submenu | 21 | |
| Enter hero's abilities submenu | 5 | |
| Right click | 793 | |
| Select / deselect | 258 | |
| Select group hotkey | 13 | |
| Use ability | 54 | |
1237 total
» units
| Acolyte | 5 | |
| Ghoul | 20 | |
| Abomination | 11 | |
| Necromancer | 9 | |
45 total
» upgrades
| Unholy Strength | 3 | |
| Cannibalize | 1 | |
| Skeletal Mastery | 1 | |
| Necromancer Training | 2 | |
| Disease Cloud | 1 | |
| Unholy Armor | 1 | |
9 total
» buildings
| Crypt | 1 | |
| Altar of Darkness | 2 | |
| Ziggurat | 6 | |
| Tomb of Relics | 1 | |
| Nerubian Tower | 2 | |
| Graveyard | 1 | |
| Halls of the Dead | 1 | |
| Spirit Tower | 2 | |
| Slaughterhouse | 1 | |
| Black Citadel | 1 | |
| Temple of the Damned | 1 | |
19 total
» build order
00:15 Crypt
00:18 Altar of Darkness
00:38 Ziggurat
01:00 Tomb of Relics
01:05 Ziggurat
01:48 Nerubian Tower
01:48 Nerubian Tower
02:50 Graveyard
03:40 Halls of the Dead
04:46 Spirit Tower
06:55 Altar of Darkness
07:26 Ziggurat
07:43 Slaughterhouse
08:24 Black Citadel
08:43 Spirit Tower
08:46 Ziggurat
08:56 Temple of the Damned
12:07 Ziggurat
14:34 Ziggurat
» items
| Rod of Necromancy | 1 | |
| Sacrificial Skull | 1 | |
2 total
Chat log
(00:25 / Allies) skrt: skrt
(00:43 / All) FuRy: gl hedrisks :D
(00:48 / All) HeDriskS: gl bro
(00:53 / All) skrt: gl dude
(00:58 / All) Gravehaven: gl
(01:58 / Allies) FuRy: i go fast xpo to gryphs
(04:22 / Allies) TheUpClouds: red
(04:25 / Allies) TheUpClouds: come back me up plox
(04:45 / Allies) skrt: click fses or lose
(04:55 / Allies) TheUpClouds: 3
(04:56 / Allies) TheUpClouds: here
(05:04 / Allies) FuRy: omw
(05:14 / Allies) MUNCHTHATDONG: wtf
(05:17 / Allies) MUNCHTHATDONG: u have no units
(05:31 / Allies) skrt: LOL
(05:32 / Allies) FuRy: i got an xpo
(05:49 / Allies) FuRy: fs
(05:50 / Allies) FuRy: focius
(06:56 / Allies) skrt: TOO MANY
(07:08 / Allies) MUNCHTHATDONG: gold
(07:34 / Allies) TheUpClouds: pink
(07:35 / Allies) TheUpClouds: gohuls
(08:16 / Allies) FuRy: they just massing
(08:31 / Allies) MUNCHTHATDONG: going siege
(09:29 / Allies) skrt: CERTAINA LLIES
(09:31 / Allies) skrt: MADE THIS GAME
(09:33 / Allies) skrt: HARDER THAN IT IS
(09:54 / Allies) skrt: coi
(09:55 / Allies) skrt: COIK
(10:04 / Allies) MUNCHTHATDONG: oom
(10:19 / Allies) MUNCHTHATDONG: i have no tp
(10:30 / Allies) FuRy: B
(11:13 / Allies) FuRy: 2
(11:14 / Allies) FuRy: 200 WOOD PLS
(11:15 / Allies) FuRy: any1
(11:23 / Allies) FuRy: thx
(11:24 / Allies) FuRy: gryphs
(11:26 / Allies) FuRy: otw
(11:33 / Allies) FuRy: lets scout
(11:33 / Allies) FuRy: xpo
(12:23 / Allies) skrt: TAUREN
(12:38 / Allies) TheUpClouds: red
(12:41 / Allies) TheUpClouds: can i gold
(13:05 / Allies) skrt: DO U THINK
(13:09 / Allies) skrt: IM NOT GOING TO MAKE A CETAIN UNIT
(13:10 / Allies) skrt: WITH MY HOLD
(13:41 / Allies) FuRy: lets finish
(13:42 / Allies) FuRy: this
(13:42 / Allies) MUNCHTHATDONG: fight?
(13:53 / Allies) FuRy: b
(13:53 / Allies) skrt: U GOT THREE GRIFFS
(13:55 / Allies) skrt: WE CANT FINISH
(14:17 / Allies) FuRy: WAKE UPS
(14:18 / Allies) FuRy: GUYS
(14:18 / Allies) FuRy: CPME
(15:21 / Allies) FuRy: brb
(16:01 / Allies) skrt: BURROW BUST
(16:08 / Allies) skrt: U PING THE HU WHY
(16:11 / Allies) FuRy: split push
(16:22 / Allies) skrt: NO FORT
(16:23 / Allies) skrt: NOW HE DID
(16:38 / Allies) skrt: altar
(16:39 / Allies) skrt: click
(17:01 / All) HeDriskS: GG
(17:03 / All) HeDriskS: teal on archers
(17:05 / All) FuRy: gg
(17:05 / All) HeDriskS: 12 minutes in
(17:22 / All) Gravehaven: gg
(17:30 / All) Gravehaven: teal fucking trash lol